 Dungeon Crawl Stone Soup version 0.25.0-26-g0c896c7088 (webtiles) character file.

Game seed: 15280283754160735113

177 MisterFreud the Grave Robber (level 5, -6/42 HPs)
             Began as a Demonspawn Necromancer on July 4, 2020.
             Was an Initiate of Gozag.
             Mangled by a big kobold
             ... wielding a +0 glaive
              (10 damage)
             ... on level 3 of the Dungeon.
             The game lasted 00:06:35 (3916 turns).

MisterFreud the Grave Robber (DsNe)                 Turns: 3916, Time: 00:06:36

Health: -6/42      AC:  8    Str:  9    XL:     5   Next: 31%
Magic:  6/8        EV:  8    Int: 17    God:    Gozag
Gold:   212        SH:  0    Dex: 13    Spells: 3/8 levels left

rFire    . . .     SeeInvis .     - Unarmed
rCold    + . .     Gourm    .   (no shield)
rNeg     . . .     Faith    .   a - +0 robe
rPois    .         Spirit   .   (helmet restricted)
rElec    .         Reflect  .   (no cloak)
rCorr    .         Harm     .   (no gloves)
MR       .....                  (no boots)
Stlth    ++........             (no amulet)
HPRegen  0.14/turn              f - -4 ring of evasion (curse)
MPRegen  0.11/turn              (no ring)

@: sanguine armour
A: antennae 1, cold resistance 1, sanguine armour 1
a: Potion Petition, Call Merchant, Bribe Branch, Renounce Religion


You were on level 3 of the Dungeon.
You worshipped Gozag.
Gozag was aware of your devotion.
You were near starving.

You visited 1 branch of the dungeon, and saw 3 of its levels.

You collected 256 gold pieces.
You paid 44 gold pieces to Gozag.

Inventory:

Missiles
 i - 6 boomerangs of dispersal
 j - 2 throwing nets (quivered)
Armour
 a - a +0 robe (worn)
Jewellery
 f - a cursed -4 ring of evasion (left hand)
Wands
 g - a wand of disintegration (19)
Scrolls
 d - a scroll of amnesia
 e - a scroll of random uselessness {unknown}
 k - a scroll of teleportation
Potions
 b - 3 potions of curing
 h - 2 potions of mutation
Comestibles
 c - 2 rations


   Skills:
 - Level 4.0 Fighting
 - Level 1.7 Dodging
 - Level 1.7 Stealth
 + Level 2.2 Unarmed Combat
 + Level 2.4 Spellcasting
 - Level 4.3 Necromancy


You had 3 spell levels left.
You knew the following spells:

 Your Spells              Type           Power        Failure   Level  Hunger
a - Pain                  Necr           ###.         3%          1    #......
b - Animate Skeleton      Necr           N/A          3%          1    #......
c - Vampiric Draining     Necr           ###.......   10%         3    ###....

Your spell library contained the following spells:

 Spells                   Type           Power        Failure   Level  Hunger
 Animate Dead             Necr           N/A          30%         4    #####..
 Agony                    Necr           ###.....     65%         5    ######.


Dungeon Overview and Level Annotations

Branches:
Dungeon (3/15)

Altars:
Fedhas
Gozag
Ru


Innate Abilities, Weirdness & Mutations

You have a pair of small antennae on your head.
Your flesh is cold resistant. (rC+)
When seriously injured, your bleeding wounds create armour. (AC +6)


Message History

Aim: a worm (lightly wounded)
The worm is moderately wounded.
You feel life coursing into your body. The worm bites you but does no damage.
Things that are here:
7 gold pieces; a +0 dagger The big kobold barely misses you.
Things that are here:
7 gold pieces; a +0 dagger You hit the big kobold but do no damage.
The big kobold hits you with a +0 glaive.
You barely miss the big kobold. You barely miss the big kobold.
The big kobold hits you with a +0 glaive!
* * * LOW HITPOINT WARNING * * *
You closely miss the big kobold.
The big kobold hits you but does no damage.
It was a potion of cancellation.
You feel magically purged.
The big kobold hits you with a +0 glaive!
You die...
Your body crumbles into a pile of gold.

#.##.#...#...###.#
######... #. #......###...#
#### #. ####$##......# ###
#.. #.##.#....#### ..
#..####.##.#.......# ..
#.......##......##.# .####≈
#...##.....$..# #..##..≈≈≈≈
#.............###K......≈≈≈
#..##..........@Kw........≈
# #......#########.#.###..
#.##)#..# #.......# $
#$$$....# ##....#.#
####....# ..#...# #.......
..# #.# #........ #.. .
......... ... .##......
###.


You could see a big kobold, a worm and a kobold.

Vanquished Creatures
  An orc wizard (D:3)
  Terence (D:2)
  A worker ant (D:3)
  3 adders (D:2)
  2 oozes
  A worm (D:2)
  A dart slug (D:1)
  2 leopard geckos
  An orc (D:3)
  3 giant cockroaches (D:2)
  7 goblins
  6 hobgoblins
  4 jackals (D:3)
  A quokka (D:3)
  2 ball pythons
  4 bats
  3 frilled lizards
  10 kobolds
  7 rats
60 creatures vanquished.

Notes
Turn   | Place    | Note
-------+----------+-------------------------------------------
     0 | D:1      | MisterFreud the Demonspawn Necromancer began the quest for
                  | the Orb.
     0 | D:1      | Reached XP level 1. HP: 13/13 MP: 3/3
   268 | D:1      | Reached skill level 1 in Fighting
   538 | D:1      | Gained mutation: You have a pair of small antennae on your
                  | head. [demonic ancestry]
   538 | D:1      | Reached XP level 2. HP: 21/22 MP: 1/5
   764 | D:1      | Learned a level 1 spell: Animate Skeleton
  1406 | D:2      | Gained mutation: When seriously injured, your bleeding
                  | wounds create armour. (AC +6) [demonic ancestry]
  1406 | D:2      | Reached XP level 3. HP: 25/28 MP: 1/6
  2088 | D:2      | Noticed Terence
  2118 | D:2      | Killed Terence
  2118 | D:2      | Gained mutation: Your flesh is cold resistant. (rC+)
                  | [demonic ancestry]
  2118 | D:2      | Reached XP level 4. HP: 26/37 MP: 1/7
  2430 | D:2      | Found an opulent altar of Gozag.
  2435 | D:2      | Learned a level 3 spell: Vampiric Draining
  2439 | D:2      | Became a worshipper of Gozag Ym Sagoz the Greedy
  2759 | D:3      | Reached skill level 1 in Unarmed Combat
  3164 | D:3      | Found a blossoming altar of Fedhas.
  3222 | D:3      | Found a sacrificial altar of Ru.
  3240 | D:3      | Reached XP level 5. HP: 22/42 MP: 1/8
  3916 | D:3      | Mangled by a big kobold

Illustrated notes

Levels and vault maps discovered:
D:1:      dpeg_arrival_fog, layout_loops_ring, st_stairs_6
D:2:      layout_basic, nicolae_gozag_cash_rules_everything_around_me,
          grunt_decor_cap, uniq_terence
D:3:      cheibrodos_thug_alley, layout_basic,
          nicolae_ru_great_annihilating_truth, first_ration, fedhas_altar_2

Skill      XL: |  1  2  3  4 |
---------------+-------------+-----
Fighting       | 1 2 4 |  4.0
Unarmed Combat | 2 |  2.2
Dodging        | |  1.7
Stealth        | |  1.7
Spellcasting   | |  2.4
Necromancy     | |  4.3

Action                   |  1- 3 |  4- 6 || total
-------------------------+-------+-------++-------
Melee: Unarmed           |     1 |   123 ||   124
       Mace              |    11 |     4 ||    15
       Punch             |       |     2 ||     2
 Cast: Pain              |    65 |    20 ||    85
       Vampiric Draining |       |     4 ||     4
  Use: Scroll            |       |     5 ||     5
       Potion            |       |     1 ||     1
 Stab: Paralysed         |       |     1 ||     1
  Eat: Chunk             |     5 |     1 ||     6
       Ration            |       |     1 ||     1
Armor: Robe              |     6 |    53 ||    59
Dodge: Dodged            |    11 |    49 ||    60
